 Seeded DCSS version 0.30.1-4-g462c640d31 (webtiles) character file.

Game seed: 6351066067085065685 (custom seed)

2 Esekla the Grave Robber (level 1, -1/10 HPs)
             Began as a Deep Elf Necromancer on Aug 29, 2023.
             Was an Initiate of Vehumet.
             Slain by an orc
             ... wielding a +0 dagger
              (3 damage)
             ... on level 4 of the Dungeon.
             The game lasted 00:03:19 (319 turns).

Esekla the Grave Robber (Deep Elf Necromancer)       Turns: 319, Time: 00:03:20

Health: -1/10      AC:  2    Str:  5    XL:     1   Next: 25%
Magic:  6/6        EV: 12    Int: 19    God:    Vehumet [......]
Gold:   11         SH:  0    Dex: 15    Spells: 5/6 levels left

rFire   . . .        c - +0 short sword
rCold   . . .        (no shield)
rNeg    . . .        a - +0 robe
rPois   .            (no helmet)
rElec   .            (no cloak)
rCorr   .            (no gloves)
SInv    .            (no boots)
Will    .....        (no amulet)
Stlth   ++           (no ring)
HPRegen 0.21/turn    (no ring)
MPRegen 0.10/turn

%: no passive effects
@: no status effects
A: no striking features
a: Renounce Religion


You were on level 4 of the Dungeon.
You worshipped Vehumet.
Vehumet was noncommittal.
You visited 1 branch of the dungeon, and saw 4 of its levels.

You collected 11 gold pieces.

Inventory:

Hand Weapons
 c - a +0 short sword (weapon)
Armour
 a - a +0 robe (worn)
Scrolls
 f - a scroll of identify {unknown}
Potions
 b - a potion of magic
 d - a potion of ambrosia {unknown}
 e - a potion of curing {unknown}
 g - a potion of heal wounds {unknown}


   Skills:
 + Level 2.4 Dodging
 + Level 2.4 Stealth
 + Level 3.0 Spellcasting
 + Level 4.9 Necromancy


You had 5 spell levels left.
You knew the following spells:

 Your Spells              Type           Power      Damage    Failure   Level
a - Necrotise             Necr           84%        1d8       1%          1

Your spell library contained the following spells:

 Spells                   Type           Power      Damage    Failure   Level
 Vampiric Draining        Necr           21%        2d7       6%          3
 Animate Dead             Necr           21%        N/A       21%         4
 Agony                    Necr           21%        N/A       50%         5


Dungeon Overview and Level Annotations

Branches:
Dungeon (4/15)
 Temple: D:4-7

Altars:
Okawaru
Vehumet
Zin


Message History

There is an open door here.
Found an escape hatch in the ceiling.
You open the door.
Found a glowing silver altar of Zin.
There is an open door here.
There is an open door here.
You open the door.
There is an open door here.
You open the door.
An orc comes into view.
It is wielding a +0 dagger. 2 orcs come into view.
There is an open door here.
The orc attacks as you move away! The orc barely misses you.
The orc attacks as you move away! The orc barely misses you.
Found a helmet.
Found a lumpy dark potion and 11 gold pieces.
The orc attacks as you move away! The orc barely misses you.
The orc attacks as you move away! The orc hits you with a +0 dagger.
The orc attacks as you move away! The orc hits you with a +0 dagger.
The orc attacks as you move away! The orc misses you.
The orc attacks as you move away! The orc hits you with a +0 dagger.
The orc attacks as you move away! The orc closely misses you.
The orc attacks as you move away! The orc barely misses you.
The orc attacks as you move away! The orc hits you with a +0 dagger.
* * * LOW HITPOINT WARNING * * *
The orc attacks as you move away! The orc barely misses you.
There is an open door here.
The orc attacks as you move away! The orc barely misses you.
The orc attacks as you move away! The orc barely misses you.
There is a radiant altar of Vehumet here.
You kneel at the altar of Vehumet.
Vehumet welcomes you! The orc hits you with a +0 dagger.
* * * LOW HITPOINT WARNING * * *
You closely miss the orc. The orc hits you with a +0 dagger.
* * * LOW HITPOINT WARNING * * *
You hit the orc.
The orc is severely wounded.
The orc hits you with a +0 dagger.
You die...

.........### ..... .
..........####.....
..##.................
................#+###
..............................
####....... ###..............#
#o........# #.#'....##.......#
..........# #.o##...##.......#
...o......# #@..#....#.......#
..........##########....+.......#
..........##.._#_..#....#........
...####'#####..#..##.............
..........'.'#.#.#'..#......#....
........###..#####...#...........
........###..........#...........
......#.##................#......
..#####.##..........##....#.#+###


You could see an orc.

Vanquished Creatures
  A goblin (D:4)
  A kobold (D:1)
2 creatures vanquished.

Notes
Turn   | Place    | Note
-------+----------+-------------------------------------------
     0 | D:1      | Esekla the Deep Elf Necromancer began the quest for the
                  | Orb.
     0 | D:1      | Reached XP level 1. HP: 10/10 MP: 6/6
   254 | D:4      | Found a radiant altar of Vehumet.
   267 | D:4      | Found an iron altar of Okawaru.
   278 | D:4      | Found a glowing silver altar of Zin.
   317 | D:4      | Became a worshipper of Vehumet
   319 | D:4      | Slain by an orc

Illustrated notes

Levels and vault maps discovered:
D:1:      sevenhm_arrival_forest_fort_small_3, layout_rooms,
          chequers_serial_rivers_room_b, minmay_misc_feat_five
D:2:      layout_loops_ring, dreamdust_ecumenical_altar_angels_and_demons,
          serial_shops, shop
D:3:      layout_basic, grunt_temple_overflow_open, minmay_misc_feat_iff
D:4:      layout_basic, nicolae_overflow_quartered_altars, serial_shops,
          nicolae_diamond_shop

Action                     || total
---------------------------++-------
  Melee: Unarmed           ||     9
         Short sword       ||     4
    Use: Scroll            ||     1
 Armour: Robe              ||     6
  Dodge: Dodged            ||    27
